Map: Ruins of Endion

Players

Heeebs - Winner!

  • Race: Protoss Protoss
  • League: Bronze

Ayoria

  • Race: Zerg Zerg
  • League: Diamond

VOD

Have the link to the VOD?

Description

Time

  • Played on: June 18, 2016, 8:43 p.m.
  • Length: 8:51
Show
View Real Time Build Order
Export as new Build Order

Heeebs Protoss - Winner!

Build Orders:  

Get SALT Encoding   

  12  0:00  Probe (Chrono Boost)  
  13  0:11  Probe (Chrono Boost)  
  14  0:18  Pylon  
  14  0:22  Probe (Chrono Boost)  
  15  0:36  Probe (Chrono Boost)  
  15  0:38  Forge  
  16  0:46  Probe (Chrono Boost)  
  17  0:51  Pylon  
  18  0:57  Probe (Chrono Boost)  
  18  1:08  Probe (Chrono Boost)  
  19  1:19  Probe (Chrono Boost)  
  20  1:26  Assimilator  
  20  1:29  Pylon, Probe (Chrono Boost)  
  20  1:31  Gateway  
  21  1:40  Pylon  
  21  1:43  Probe (Chrono Boost)  
  22  1:53  Probe (Chrono Boost)  
  23  1:57  Pylon  
  23  2:03  Photon Cannon  
  23  2:04  Photon Cannon, Probe (Chrono Boost)  
  24  2:19  Photon Cannon  
  24  2:25  Photon Cannon  
  23  2:37  Cybernetics Core  
  23  2:39  Photon Cannon  
  23  2:41  Pylon  
  23  2:42  Probe (Chrono Boost)  
  24  2:45  Assimilator  
  24  2:47  Protoss Ground Weapons Level 1  
  24  2:53  Probe (Chrono Boost)  
  25  3:05  Photon Cannon  
  25  3:07  Pylon  
  25  3:15  Warp Gate (Chrono Boost)  
  25  3:24  Adept (Chrono Boost)  
  27  3:42  Probe  
  27  3:44  Nexus  
  28  3:54  Probe  
  31  4:05  Adept (Chrono Boost)  
  31  4:06  Mothership Core  
  31  4:08  Pylon  
  33  4:12  Pylon  
  32  4:32  Probe  
  32  4:36  Gateway  
  31  4:40  Gateway  
  31  4:43  Stargate  
  31  4:54  Adept (Chrono Boost)  
  31  4:56  Probe  
  31  4:57  Probe  
  35  5:04  Gateway  
  35  5:09  Probe  
  35  5:10  Probe  
  37  5:21  Robotics Facility  
  37  5:22  Probe  
  38  5:30  Probe  
  38  5:31  Phoenix (Chrono Boost)  
  41  5:44  Adept  
  41  6:11  Warp Prism  
  41  6:16  Twilight Council  
  41  6:17  Protoss Ground Armor Level 1 (Chrono Boost)  
  43  6:21  Pylon  
  43  6:23  Gateway, Pylon  
  43  6:26  Gateway  
  43  6:29  Gateway  
  43  6:35  Gateway  
  43  6:42  Gateway  
  43  6:47  Observer  
  44  6:57  Resonating Glaives (Chrono Boost)  
  44  6:59  Probe x2  
  46  7:11  Adept x3, Probe x2  
  54  7:23  Probe, Adept x2  
  55  7:39  Adept  
  55  7:40  Adept x4  
  63  7:51  Adept x2  
  57  8:27  Adept x2  
  57  8:28  Adept x6  
  67  8:47  Pylon  
  63  8:51  Pylon  
Show
View Real Time Build Order
Export as new Build Order

Ayoria Zerg 

Build Orders: Pool First 

Get SALT Encoding   

  12  0:02  Drone  
  13  0:12  Overlord  
  13  0:17  Drone  
  14  0:31  Drone x2  
  16  0:35  Drone  
  17  1:10  Spawning Pool  
  16  1:12  Extractor  
  16  1:13  Hatchery, Drone  
  15  1:20  Drone  
  15  1:22  Drone  
  17  1:25  Drone  
  18  1:35  Drone  
  19  1:50  Drone  
  20  2:08  Zergling x4  
  22  2:12  Spine Crawler  
  21  2:24  Queen  
  23  2:41  Queen  
  23  2:43  Zergling x2  
  23  2:44  Zergling x2  
  27  2:46  Zergling x2  
  27  2:47  Metabolic Boost  
  28  3:05  Zergling x2  
  27  3:13  Zergling x2  
  27  3:15  Overlord x2  
  26  3:43  Drone x5  
  30  3:50  Zergling x2  
  28  3:59  Zergling x2  
  28  4:00  Zergling x2  
  28  4:01  Lair  
  29  4:06  Roach Warren  
  28  4:16  Zergling x2  
  28  4:17  Zergling x4  
  28  4:38  Hatchery  
  28  4:44  Drone x4  
  31  4:47  Drone  
  32  4:53  Extractor  
  32  4:55  Baneling Nest  
  30  5:00  Hatchery  
  29  5:12  Zergling x8  
  33  5:17  Spore Crawler  
  32  5:21  Drone  
  33  5:32  Drone  
  26  6:13  Roach x3  
  26  6:18  Glial Reconstitution  
  32  6:19  Hydralisk Den  
  32  6:23  Roach x2  
  32  6:24  Roach x3  
  41  6:33  Overlord  
  41  6:43  Overlord x3  
  41  6:52  Drone  
  42  7:00  Queen x2  
  46  7:06  Hydralisk  
  46  7:07  Roach x2  
  52  7:08  Spore Crawler  
  49  7:35  Roach  
  49  7:36  Roach x3  
  49  8:07  Roach  
  49  8:08  Roach x2  
  46  8:14  Drone  
Tags
 
Add a new tag
Caveats
  • Supply blocks, unpowered buildings, or Contaminate may cause inaccurate times.
  • Supply counts are checked every 10 seconds.